 Dungeon Crawl Stone Soup version 0.29-a0-251-g80730f7218 (webtiles) character file.

Game seed: 5483358093096795323

652 HotDog the Covered (level 7, -2/60 HPs)
             Began as a Minotaur Fighter on Mar 4, 2022.
             Was an Initiate of the Shining One.
             Slain by an ice beast (14 damage)
             ... on level 5 of the Dungeon on Mar 5, 2022.
             The game lasted 00:06:40 (4128 turns).

HotDog the Covered (Minotaur Fighter)               Turns: 4128, Time: 00:06:40

Health: -2/60      AC: 11    Str: 23    XL:     7   Next: 28%
Magic:  8/8        EV: 10    Int:  5    God:    the Shining One [......]
Gold:   216        SH:  4    Dex:  9    Spells: 6/6 levels left

rFire   + . .      SeeInvis .   v - +0 scimitar
rCold   . . .      Faith    .   c - +0 buckler
rNeg    . . .      Spirit   .   b - +0 scale mail
rPois   .          Reflect  .   a - +0 hat
rElec   .          Harm     .   (no cloak)
rCorr   .          Rampage  .   p - +0 pair of gloves
Will    .....                   (no boots)
Stlth   ..........              o - amulet of the acrobat
HPRegen 0.20/turn               (no ring)
MPRegen 0.11/turn               (no ring)

@: glowing
A: horns 2, retaliatory headbutt, iridescent scales 1, fire resistance 1, high
MP 1
a: Renounce Religion


You were on level 5 of the Dungeon.
You worshipped the Shining One.
The Shining One was noncommittal.
You visited 2 branches of the dungeon, and saw 6 of its levels.

You collected 216 gold pieces.

Inventory:

Hand Weapons
 v - a +0 scimitar (weapon)
Armour
 a - a +0 hat (worn)
 b - a +0 scale mail (worn)
 c - a +0 buckler (worn)
 p - a +0 pair of gloves (worn)
Jewellery
 o - an amulet of the acrobat (around neck)
 q - an amulet of regeneration
Scrolls
 e - a scroll of fear
 s - a scroll of teleportation
 t - a scroll of fog
Potions
 d - a potion of might
 f - a potion of brilliance {unknown}
 g - a potion of lignification
 i - a potion of curing
 j - 2 potions of ambrosia {unknown}
 k - a potion of experience {unknown}
 m - 3 potions of mutation
 u - a potion of cancellation {unknown}


   Skills:
 * Level 4.8 Fighting
 * Level 5.6 Long Blades
 * Level 6.3 Armour
 * Level 2.1 Dodging
 * Level 4.8 Shields
 * Level 2.3 Invocations


You had 6 spell levels left.
You didn't know any spells.
Your spell library was empty.

Dungeon Overview and Level Annotations

Branches:
Dungeon (5/15)             Temple (1/1) D:4

Altars:
Ashenzari
Cheibriados
Dithmenos
Elyvilon
Fedhas
Gozag
Hepliaklqana
Kikubaaqudgha
Makhleb
Nemelex Xobeh
Okawaru
Qazlal
Ru
Sif Muna
Trog
Uskayaw
Vehumet
Wu Jian
Yredelemnul
Zin
The Shining One


Innate Abilities, Weirdness & Mutations

You have a pair of horns on your head.
You reflexively headbutt those who attack you in melee.
You are partially covered in iridescent scales. (AC +2)
Your flesh is heat resistant. (rF+)
You have an increased reservoir of magic. (+10% MP)


Message History

You hit the ogre.
The ogre is almost dead.
The ogre closely misses you.
You slash the ogre!
You kill the ogre!
You barely miss the ice beast. The ice beast misses you.
You barely miss the ice beast. The ice beast barely misses you.
You barely miss the ice beast. You headbutt the ice beast.
The ice beast is lightly wounded.
The ice beast misses you. You furiously retaliate!
You headbutt the ice beast! You hit the ice beast.
Your headbutt misses the ice beast.
The ice beast is heavily wounded.
The ice beast hits you but does no damage.
The ice beast hits you. The ice beast freezes you!
You barely miss the ice beast. You headbutt the ice beast!
The ice beast is severely wounded.
The ice beast barely misses you.
You hit the ice beast but do no damage.
The ice beast is severely wounded.
The ice beast hits you but does no damage.
You barely miss the ice beast. Your headbutt misses the ice beast.
The ice beast is severely wounded.
The ice beast hits you. The ice beast freezes you!
* * * LOW HITPOINT WARNING * * *
You closely miss the ice beast.
You headbutt the ice beast, but do no damage.
The ice beast is severely wounded.
The ice beast closely misses you.
Okay, then.
You feel better.
The ice beast hits you but does no damage.
You hit the ice beast.
The ice beast is almost dead.
The ice beast hits you but does no damage.
You closely miss the ice beast.
The ice beast is almost dead.
The ice beast hits you.
* * * LOW HITPOINT WARNING * * *
The ice beast freezes you!
You die...

. #.#...#.##.... ..
#.###...###... ...
###.# #.†## ...
.... #...# #.>.#
...
.....####.######..#
..
...................
.
...###..#######..##
#.## #... #@# ..
#Y# ...............
###..##.#...... #..
......... #.. ...
..<.. .. ..$.......
. ..... ....
...........


You could see an ice beast.

Vanquished Creatures
  2 ogres (D:5)
  A phantom (D:4)
  A necrophage (D:5)
  3 hounds
  2 orc priests (D:3)
  Jessica (D:2)
  Terence (D:2)
  An orc wizard (D:3)
  4 adders
  2 worms
  2 dart slugs
  12 orcs
  4 endoplasms
  4 giant cockroaches
  5 goblins
  6 hobgoblins
  3 jackals (D:1)
  3 quokkas (D:2)
  5 ball pythons
  3 bats
  4 frilled lizards
  A kobold (D:3)
  10 rats
80 creatures vanquished.

Notes
Turn   | Place    | Note
-------+----------+-------------------------------------------
     0 | D:1      | HotDog the Minotaur Fighter began the quest for the Orb.
     0 | D:1      | Reached XP level 1. HP: 19/19 MP: 0/0
   195 | D:1      | Reached XP level 2. HP: 20/27 MP: 1/1
   636 | D:1      | Reached skill level 4 in Armour
   995 | D:2      | Noticed Terence
  1012 | D:2      | Killed Terence
  1013 | D:2      | Reached XP level 3. HP: 14/33 MP: 2/2
  1269 | D:2      | Reached skill level 1 in Invocations
  1273 | D:2      | Reached XP level 4. HP: 33/40 MP: 3/3
  1409 | D:2      | Found a faded altar of an unknown god.
  1432 | D:2      | Noticed Jessica
  1442 | D:2      | Killed Jessica
  1835 | D:3      | Reached skill level 1 in Dodging
  1835 | D:3      | Reached XP level 5. HP: 33/46 MP: 3/5
  2145 | D:3      | Reached skill level 5 in Armour
  2711 | D:4      | Noticed a phantom
  2737 | D:4      | Killed a phantom
  2738 | D:4      | Reached XP level 6. HP: 32/53 MP: 6/6
  2890 | D:4      | Found a staircase to the Ecumenical Temple.
  2988 | Temple   | Entered the Ecumenical Temple
  3212 | Temple   | Became a worshipper of the Shining One
  3807 | D:5      | Entered Level 5 of the Dungeon
  3846 | D:5      | Gained mutation: You are partially covered in iridescent
                  | scales. (AC +2) [potion of mutation]
  3846 | D:5      | Gained mutation: You have an increased reservoir of magic.
                  | (+10% MP) [potion of mutation]
  3846 | D:5      | Gained mutation: Your flesh is heat resistant. (rF+)
                  | [potion of mutation]
  3852 | D:5      | Reached skill level 5 in Long Blades
  3852 | D:5      | Reached skill level 6 in Armour
  4014 | D:5      | Reached XP level 7. HP: 48/60 MP: 8/8
  4108 | D:5      | Upgraded the game from 0.29-a0-241-g20d21d4356 to
                  | 0.29-a0-251-g80730f7218
  4128 | D:5      | Slain by an ice beast

Illustrated notes

Levels and vault maps discovered:
D:1:      eino_arrival_water_cross, layout_rooms, chequers_garden,
          minmay_stone_trees_small
D:2:      layout_basic, ebering_ecumenical_altar_box, chequers_arboretum,
          minmay_misc_feat_cross, uniq_terence, uniq_jessica
D:3:      layout_rooms, moated_statue, amcnicky_mini_pool_small
D:4:      layout_loops_cross, minmay_temple_entry_sparse_star
D:5:      layout_rooms, led_xom_imps, minmay_misc_feat_x
Temple:   compressed_dpeg_triangle_lava_temple

Skill      XL: |  1  2  3  4  5  6  7 |
---------------+----------------------+-----
Armour         | 4 5 6 |  6.3
Fighting       | 4 |  4.8
Shields        | 4 |  4.8
Long Blades    | 3 4 5 |  5.6
Invocations    | 1 2 |  2.3
Dodging        | 1 2 |  2.1

Action                   |  1- 3 |  4- 6 |  7- 9 || total
-------------------------+-------+-------+-------++-------
Melee: Long sword        |    87 |   126 |       ||   213
       Headbutt          |    14 |    26 |     5 ||    45
       Scimitar          |       |    30 |    31 ||    61
  Use: Scroll            |       |     8 |       ||     8
       Potion            |       |     3 |     1 ||     4
Armor: Scale mail        |    55 |    68 |    13 ||   136
       Skin              |       |     2 |       ||     2
Dodge: Dodged            |    45 |    84 |    25 ||   154
Block: Buckler           |    22 |    32 |     6 ||    60

Table legend: (Time is in decaauts)
 A = Elapsed time spent in this place.
 B = Non-inter-level travel time spent in this place.
 C = Inter-level travel time spent in this place.
 D = Time resting spent in this place.
 E = Time spent auto-exploring this place.
 F = Levels seen in this place.
 G = Mean time per level.
                   A        B        C        D        E       F      G
               +--------+--------+--------+--------+--------+-----+--------+
         Total |   4198 |   3952 |    246 |    670 |   2558 |   6 |  699.7 |
       Dungeon |   3949 |   3762 |    187 |    670 |   2391 |   5 |  789.8 |
        Temple |    248 |    189 |     59 |      0 |    167 |   1 |  248.0 |
               +--------+--------+--------+--------+--------+-----+--------+

Top non-repeatable levels by time:
     D:1: 931 daAuts
     D:3: 900 daAuts
     D:2: 898 daAuts
     D:4: 888 daAuts
     D:5: 330 daAuts
  Temple: 248 daAuts
